 Dungeon Crawl Stone Soup version 0.30-a0-141-g30f27751c5 (webtiles) character file.

Game seed: 18104909091318294274

259 qw the Chopper (level 6, 0/37 HPs)
             Began as a Gargoyle Fighter on Sept 25, 2022.
             Slain by Menkaure (9 damage)
             ... on level 4 of the Dungeon.
             The game lasted 00:01:01 (3076 turns).

qw the Chopper (Gargoyle Fighter)                   Turns: 3076, Time: 00:01:01

Health: 0/37       AC: 13    Str: 21    XL:     6   Next: 17%
Magic:  6/6        EV:  7    Int:  9    God:
Gold:   132        SH:  4    Dex:  9    Spells: 5/5 levels left

rFire   . . .      SeeInvis .    Y - +0 war axe
rCold   . . .      Faith    .    c - +0 buckler
rNeg    + . .      Spirit   .    i - +0 chain mail
rPois   inf        Reflect  .    (no helmet)
rElec   +          Harm     .    e - scarf {repulsion}
rCorr   .          Rampage  .    (no gloves)
Will    .....                    (no boots)
Stlth   ..........               f - amulet of regeneration
HPRegen 0.92/turn                (no ring)
MPRegen 0.10/turn                (no ring)

@: repel missiles
A: sickness immunity, AC +4, negative energy resistance 1, electricity
resistance, torment resistance 1, petrification resistance
a: no special abilities


You were on level 4 of the Dungeon.
You visited 1 branch of the dungeon, and saw 4 of its levels.

You collected 132 gold pieces.


Innate Abilities, Weirdness & Mutations

You are immune to sickness and miasma.
Your stone body is resilient. (AC +4)
You are immune to poison.
You resist negative energy. (rN+)
You are resistant to electric shocks. (rElec)
You are resistant to unholy torment.
You are immune to petrification.


   Skills:
 + Level 3.6 Fighting
 - Level 5.2 Axes
 - Level 1.6 Throwing
 - Level 3.2 Armour
 - Level 3.2 Shields


You had 5 spell levels left.
You didn't know any spells.
Your spell library was empty.

Inventory:

Hand Weapons
 h - a +2 hand axe of flaming
 Y - a +0 war axe (weapon)
Armour
 c - a +0 buckler (worn)
 e - a scarf of repulsion (worn)
 i - a +0 chain mail (worn)
 o - a +0 cloak
Jewellery
 f - an amulet of regeneration (around neck)
Scrolls
 p - a scroll of identify
Potions
 b - a potion of mutation
 d - a potion of might
 j - a potion of resistance
 k - a potion of curing {unknown}
 m - a potion of magic {unknown}
 n - a potion of flight {unknown}

Dungeon Overview and Level Annotations

Branches:
Dungeon (4/15)
 Temple: D:4-7

Altars:
Dithmenos
Trog
Xom

Annotations:
D:2 1 runed translucent door, Crazy Yiuf
D:4 Menkaure


Message History

You throw a javelin.
The javelin pierces through the iguana but does no damage.
Menkaure, Prince of Dust comes into view.
3062 ||| Stepping ~*~*~tactically~*~*~ (stealth).
You hit the iguana.
The iguana is lightly wounded.
The iguana bites you.
The iguana bites you but does no damage.
You slash the iguana!
The iguana is heavily wounded.
The iguana bites you!
3065 ||| Stepping ~*~*~tactically~*~*~ (stealth).
The iguana attacks as you move away! The iguana bites you.
You hit the iguana.
The iguana is severely wounded.
The iguana closely misses you.
You barely miss the iguana.
The iguana is severely wounded.
You block the iguana's attack.
Menkaure shouts!
You slash the iguana!
You kill the iguana!
You start resting.
A quokka comes into view.
3071 ||| FLEEEEING.
Menkaure calls on the powers of darkness!
Your body is wracked with pain!
The quokka convulses!
You hit Menkaure.
Menkaure is lightly damaged.
Menkaure hits you!
You hit Menkaure.
Menkaure is lightly damaged.
The quokka closely misses you.
Menkaure mumbles some strange words.
Menkaure seems to speed up.
You closely miss the quokka.
The quokka is moderately wounded.
You slash Menkaure! The quokka bites you. Menkaure hits you!
You die...

.# #.##.....#,,,* ##
#.########.*** # #.# *..* #
#.# *.#* # #.# ##.######*****
### #.# #.<#.....,,,,*
..##### #.### #.<...(..,,,,*
#.....###...####rM#..)..,,,,*
.####...###.#...@.......,,,**
.######.###.#.#.%#......,,,*
................##,.....,,,*
.....<#.##...####*,,...(,,,*
....#......#...,**,,,...,,,*
###..#..#..#...,**,,,,.$,,,*
#.............**,,,,,.,,,*
#.###....#....#*,,,,,,,,,*
#.............#,,,<,,,,,,*


You could see Menkaure (fast) and a quokka.

Vanquished Creatures
  A scorpion (D:4)
  A jelly (D:4)
  An orc priest (D:2)
  An iguana (D:4)
  An orc wizard (D:2)
  2 adders
  9 orcs
  4 ball pythons
  12 endoplasms
  5 giant cockroaches
  6 hobgoblins
  7 jackals
  2 kobolds
  2 quokkas
  4 bats
  2 frilled lizards
  5 rats
65 creatures vanquished.

Notes
Turn   | Place    | Note
-------+----------+-------------------------------------------
     0 | D:1      | qw the Gargoyle Fighter began the quest for the Orb.
     0 | D:1      | Reached XP level 1. HP: 14/14 MP: 1/1
     0 | D:1      | 0 ||| qw: Version: 0.2-a-10-g399e6c4
     0 | D:1      | 0 ||| qw: Game counter: 375
     0 | D:1      | 0 ||| qw: Always use a shield: true
     0 | D:1      | 0 ||| qw: God list: Okawaru
     0 | D:1      | 0 ||| qw: Allow faded altars: false
     0 | D:1      | 0 ||| qw: Do Orc after D:15 true
     0 | D:1      | 0 ||| qw: Do second Lair branch before Depths: true
     0 | D:1      | 0 ||| qw: Lair rune preference: random
     0 | D:1      | 0 ||| qw: Plans: Normal, Zot:1-4, God:TSO, Crypt, Tomb,
                  | Pan, Slime:5, Hells, Abyss, Orb
     0 | D:1      | 0 ||| PLANNING D:1-11
   260 | D:1      | Reached skill level 2 in Axes
   546 | D:1      | Found a faded altar of an unknown god.
   899 | D:1      | 899 ||| UPGRADING to +0 chain mail.
   909 | D:1      | 909 ||| DROPPING +0 scale mail.
   910 | D:1      | 910 ||| UPGRADING to amulet of regeneration.
   915 | D:1      | 915 ||| READING scroll labelled ZEJOOR UZOAGE.
   916 | D:1      | 916 ||| READING scroll labelled SAEN OTOPT.
   917 | D:1      | 917 ||| READING scroll labelled ONNIME GI YTRARO.
  1018 | D:1      | 1018 ||| READING scroll labelled KOETRI BEUBLIME.
  1019 | D:1      | 1019 ||| READING scroll labelled RAFALI NUNARU.
  1038 | D:2      | Reached XP level 2. HP: 15/19 MP: 2/2
  1038 | D:2      | 1038 ||| STAIRDANCE
  1112 | D:2      | Identified the +4 mace "Spiderbane" {vorpal, rN+ Str-4
                  | Dex+4}
  1114 | D:2      | 1114 ||| DROPPING +0 club.
  1209 | D:2      | 1209 ||| Stepping ~*~*~tactically~*~*~ (stealth).
  1211 | D:2      | 1211 ||| Stepping ~*~*~tactically~*~*~ (hiding).
  1223 | D:2      | Reached skill level 3 in Axes
  1223 | D:2      | Reached XP level 3. HP: 23/23 MP: 3/3
  1229 | D:2      | HP: 4/23 [orc priest/divine providence (16)]
  1231 | D:2      | Reached skill level 1 in Throwing
  1231 | D:2      | Reached XP level 4. HP: 6/28 MP: 4/4
  1257 | D:2      | 1257 ||| DROPPING +4 mace "Spiderbane" {vorpal, rN+ Str-4
                  | Dex+4}.
  1347 | D:2      | 1347 ||| Stepping ~*~*~tactically~*~*~ (stealth).
  1348 | D:2      | 1348 ||| Stepping ~*~*~tactically~*~*~ (stealth).
  1349 | D:2      | 1349 ||| Stepping ~*~*~tactically~*~*~ (stealth).
  1366 | D:2      | 1366 ||| Stepping ~*~*~tactically~*~*~ (stealth).
  1367 | D:2      | 1367 ||| Stepping ~*~*~tactically~*~*~ (stealth).
  1373 | D:2      | You fall into a shaft and drop 2 floors!
  1374 | D:4      | 1374 ||| READING scroll labelled NURAYT SESU.
  1375 | D:4      | 1375 ||| READING scroll labelled ECRUMA QIUT.
  1494 | D:3      | 1494 ||| UPGRADING to scarf of repulsion.
  1499 | D:3      | 1499 ||| DRINKING 2 bubbling puce potions.
  1567 | D:3      | 1567 ||| DROPPING potion of berserk rage.
  1736 | D:2      | Found a shimmering altar of Xom.
  1858 | D:2      | Found a runed translucent door.
  1859 | D:2      | Noticed Crazy Yiuf
  1906 | D:2      | 1906 ||| READING scroll labelled AVUKIP RETZOR.
  1988 | D:2      | 1988 ||| READING 2 scrolls labelled PUOGID HUROIFE.
  1989 | D:2      | 1989 ||| READING scroll labelled TODAP URAYTZAC.
  1990 | D:2      | 1990 ||| DRINKING 2 silvery potions.
  1991 | D:2      | 1991 ||| DROPPING scroll of vulnerability.
  2010 | D:3      | 2010 ||| STAIRDANCE
  2048 | D:3      | 2048 ||| STAIRDANCE
  2332 | D:3      | Reached skill level 4 in Axes
  2332 | D:3      | Reached XP level 5. HP: 31/32 MP: 5/5
  2712 | D:3      | 2712 ||| DROPPING +6 ring of intelligence.
  2713 | D:3      | 2713 ||| READING scroll labelled FOELAUDURPH.
  2720 | D:3      | 2720 ||| READING 2 scrolls of identify.
  2720 | D:3      | 2720 ||| IDENTIFYING fizzy sapphire potion
  2784 | D:4      | 2784 ||| Stepping ~*~*~tactically~*~*~ (stealth).
  2821 | D:4      | Found a bloodstained altar of Trog.
  2859 | D:4      | Found a shadowy altar of Dithmenos.
  2935 | D:4      | Reached skill level 5 in Axes
  2935 | D:4      | Reached XP level 6. HP: 17/37 MP: 6/6
  3061 | D:4      | Noticed Menkaure
  3062 | D:4      | 3062 ||| Stepping ~*~*~tactically~*~*~ (stealth).
  3065 | D:4      | 3065 ||| Stepping ~*~*~tactically~*~*~ (stealth).
  3071 | D:4      | 3071 ||| FLEEEEING.
  3076 | D:4      | HP: 9/37 [quokka (4)]
  3076 | D:4      | Slain by Menkaure

Levels and vault maps discovered:
D:1:      roderic_octagonal_star, layout_basic, ebering_ecumenical_altar_webs
D:2:      cheibrodos_pilgrimage, layout_basic, basic_altar,
          uniq_crazy_yiuf_cottage
D:3:      layout_loops_ring, amethyst_killhole, grunt_ministairs_14
D:4:      layout_rooms, trog_three_pillars_becter, mainiacjoe_overflow_brackets,
          lemuel_tele_altar, uniq_menkaure

Skill      XL: |  1  2  3  4  5 |
---------------+----------------+-----
Axes           | 2 3 4 5 |  5.2
Throwing       | 1 |  1.6
Fighting       | |  3.6
Armour         | |  3.2
Shields        | |  3.2

Action                   |  1- 3 |  4- 6 || total
-------------------------+-------+-------++-------
Melee: War axe           |    54 |   123 ||   177
Throw: Javelin           |     1 |    21 ||    22
  Use: Scroll            |     5 |     7 ||    12
       Potion            |       |     2 ||     2
Armor: Scale mail        |    22 |       ||    22
       Chain mail        |    14 |    68 ||    82
Dodge: Dodged            |    23 |    26 ||    49
Block: Buckler           |    11 |    23 ||    34

Table legend:
 A = Non-vault XP
 B = Vault XP
 C = Vault XP percentage of total XP
 D = Non-vault monster count
 E = Vault monster count
 F = Vault count percentage of total count
                 A         B        C        D         E       F
            +---------+---------+-------+---------+---------+-------
      Total |     282 |      89 |  24.0 |      57 |       8 |  12.3
            +---------+---------+-------+---------+---------+-------
        D:1 |       8 |       0 |   0.0 |       6 |       0 |   0.0
        D:2 |      38 |      86 |  69.4 |      21 |       6 |  22.2
        D:3 |      42 |       3 |   6.7 |      16 |       2 |  11.1
        D:4 |     194 |       0 |   0.0 |      14 |       0 |   0.0
            +---------+---------+-------+---------+---------+-------
